 Dungeon Crawl Stone Soup version 0.29.1-12-g30fa7ad0bf (webtiles) character file.

Game seed: 18079371179224703206

616 Eitelfritz the Ruffian (level 7, -11/88 HPs)
             Began as a Troll Gladiator on Jan 13, 2023.
             Was a Follower of Hepliaklqana.
             Killed by divine providence
             ... invoked by an orc priest
              (13 damage)
             ... on level 4 of the Dungeon.
             The game lasted 00:08:27 (2600 turns).

Eitelfritz the Ruffian (Troll Gladiator)            Turns: 2600, Time: 00:08:27

Health: -11/88     AC:  4    Str: 23    XL:     7   Next: 21%
Magic:  6/6        EV: 11    Int:  6    God:    Hepliaklqana [*.....]
Gold:   199        SH:  0    Dex: 17    Spells: 6/6 levels left

rFire   . . .      SeeInvis .     - Unarmed
rCold   . . .      Faith    .   (no shield)
rNeg    . . .      Spirit   .   g - +0 robe
rPois   .          Reflect  .   m - +0 hat
rElec   .          Harm     .   (no cloak)
rCorr   .          Rampage  .   (gloves unavailable)
Will    .....                   (boots unavailable)
Stlth   ..........              s - amulet of regeneration
HPRegen 1.84/turn               f - +6 ring of dexterity
MPRegen 0.10/turn               (no ring)

@: berserking, lethally poisoned (-11 -> -18), very quick
A: reduced essence, large, unfitting armour, claws 3, regeneration 1, shaggy fur
1, tough skin 1
a: Renounce Religion, Recall Ancestor, Ancestor Identity


You were on level 4 of the Dungeon.
You worshipped Hepliaklqana.
Hepliaklqana was aware of your devotion.
You visited 1 branch of the dungeon, and saw 4 of its levels.

You collected 199 gold pieces.

Inventory:

Hand Weapons
 a - a +0 sling
 b - a +1 flail of holy wrath
 i - a +0 giant club
Missiles
 c - 4 throwing nets (quivered)
 d - a large rock
 h - 44 stones
Armour
 g - a +0 robe (worn)
 m - a +0 hat (worn)
Jewellery
 f - a +6 ring of dexterity (left claw)
 s - an amulet of regeneration (around neck)
Scrolls
 e - a scroll of butterflies
 j - a scroll of fear {unknown}
 o - a scroll of silence
 q - a scroll of vulnerability {unknown}
Potions
 k - a potion of mutation
 l - a potion of attraction
 r - a potion of berserk rage
 t - 2 potions of brilliance


   Skills:
 + Level 2.5 Fighting
 + Level 0.1 Ranged Weapons
 + Level 2.1 Throwing
 + Level 3.9 Dodging
 + Level 1.3 Stealth
 + Level 6.3 Unarmed Combat


You had 6 spell levels left.
You didn't know any spells.
Your spell library contained the following spells:

 Spells                   Type           Power      Damage    Failure   Level
 Animate Dead             Necr           0%         N/A       99%         4
 Haunt                    Necr/Summ      0%         N/A       100%        7
 Infestation              Necr           0%         N/A       100%        8


Dungeon Overview and Level Annotations

Branches:
Dungeon (4/15)
 Temple: D:4-7

Altars:
Hepliaklqana
Okawaru
Zin


Innate Abilities, Weirdness & Mutations

Your life essence is reduced to manifest your ancestor. (-10% HP)
You are too large for most types of armour.
You have claws for hands.
Your natural rate of healing is unusually fast.
You are covered in fur. (AC +1)
You have tough skin. (AC +1)


Message History

The orc priest hits you but does no damage.
You claw something!
You feel very sick. Something hits you but does no damage.
The orc priest hits you from afar with a +0 trident of venom.
You are more poisoned.
Unknown command.
You claw something!
Reactivating autopickup.
You feel a bit more experienced.
You feel very sick.
The orc priest hits you from afar with a +0 trident of venom.
You are more poisoned.
You feel very sick.
The orc priest hits you with a +0 trident of venom!
You are more poisoned.
Items here: ))) [ ††.
You closely miss the orc priest.
You feel very sick.
The orc priest hits you with a +0 trident of venom!
* * * LOW HITPOINT WARNING * * *
You are lethally poisoned!
Unknown command.
Unknown command.
A red film seems to cover your vision as you go berserk!
You feel yourself moving faster!
You feel mighty!
* * * LOW HITPOINT WARNING * * *
You feel extremely sick.
The orc priest mumbles some strange prayers to Beogh against you.
Beogh smites you!
* * * LOW HITPOINT WARNING * * *
You barely miss the orc priest.
* * * LOW HITPOINT WARNING * * *
You feel very sick.
You closely miss the orc priest.
* * * LOW HITPOINT WARNING * * *
You feel very sick.
The orc priest invokes the aid of Beogh against you.
Beogh smites you!
You die...

##### ....# ###
....#######... ...#
.............# :.. .
###..#.......# .....≈
#..#.##.#..# #.#.≈≈≈
#..#.##.#..####...#
#..#.##.#..##R@o.#
###..#.##.#..##)#.##
##.).#.##.#..##.#.#
##...........##.#.#
<..).#.##<...##.#.####
###..#.##..............
# #..#.##......>....###
###..#.##..#.#....#.#
...............#..# #


You could see the friendly Dejan the ancestor and an orc priest (ally target).

Vanquished Creatures
  A water moccasin (D:3)
  A black bear (D:4)
  An ogre (D:4)
  A necrophage (D:4)
  A hound (D:4)
  Ijyb (D:3)
  An iguana (D:4)
  An orc wizard (D:4)
  6 gnolls
  4 adders
  3 dart slugs
  8 orcs
  3 bats
  2 endoplasms
  A giant cockroach (D:1)
  6 hobgoblins
  A jackal (D:3)
  9 kobolds
  5 ball pythons
  4 frilled lizards (D:1)
  9 goblins
  3 rats
72 creatures vanquished.

Notes
Turn   | Place    | Note
-------+----------+-------------------------------------------
     0 | D:1      | Eitelfritz the Troll Gladiator began the quest for the Orb.
     0 | D:1      | Reached XP level 1. HP: 19/19 MP: 0/0
   165 | D:1      | Reached XP level 2. HP: 27/27 MP: 1/1
   414 | D:2      | Reached XP level 3. HP: 35/35 MP: 2/2
   532 | D:2      | Reached skill level 4 in Unarmed Combat
   727 | D:2      | Reached XP level 4. HP: 42/42 MP: 3/3
   992 | D:2      | Found a faded altar of an unknown god.
  1364 | D:3      | Found a hazy altar of Hepliaklqana.
  1371 | D:3      | Noticed a water moccasin
  1385 | D:3      | Killed a water moccasin
  1386 | D:3      | Reached skill level 5 in Unarmed Combat
  1386 | D:3      | Reached XP level 5. HP: 18/49 MP: 4/4
  1390 | D:3      | Became a worshipper of Hepliaklqana the Forgotten
  1545 | D:3      | Noticed Ijyb
  1557 | D:3      | Killed Ijyb
  2095 | D:4      | Reached XP level 6. HP: 54/57 MP: 5/5
  2140 | D:4      | Reached skill level 1 in Stealth
  2182 | D:4      | Reached skill level 6 in Unarmed Combat
  2198 | D:4      | Found an iron altar of Okawaru.
  2415 | D:4      | Found a glowing silver altar of Zin.
  2415 | D:4      | Noticed an angel
  2479 | D:4      | Reached XP level 7. HP: 61/66 MP: 6/6
  2533 | D:4      | Reached * piety under Hepliaklqana
  2599 | D:4      | HP: 4/88 [poisoned by an orc priest]
  2600 | D:4      | Killed from afar by an orc priest

Illustrated notes

Levels and vault maps discovered:
D:1:      minmay_arrival_radiant_lines, layout_rooms
D:2:      layout_basic, serial_co_window_serial, co_window_paths_a,
          co_window_corner_a, co_window_paths_a, co_window_of_opportunity_a,
          co_window_of_opportunity_a, co_window_paths_a, co_window_broadway_c,
          co_window_corner_b, co_window_corner_b, co_window_of_opportunity_c,
          co_window_paths_c, co_window_broadway_b, glass_columns_b,
          glass_columns_c, glass_columns_b, glass_columns_a,
          nicolae_ecumenical_oubliette, grunt_ministairs_1, solitary_fountain
D:3:      layout_loops_ring, old_standard_altar, minmay_quantized, uniq_ijyb
D:4:      layout_loops_ring, kennysheep_mini, zin_angel,
          minmay_temple_entry_fiery, kennysheep_generic_room_3

Skill      XL: |  1  2  3  4  5  6 |
---------------+-------------------+-----
Throwing       | 2 |  2.1
Unarmed Combat | 4 5 6 |  6.3
Fighting       | 2 |  2.5
Dodging        | 3 |  3.9
Stealth        | 1 |  1.3
Ranged Weapons | |  0.1

Action                   |  1- 3 |  4- 6 |  7- 9 || total
-------------------------+-------+-------+-------++-------
Melee: Unarmed           |    68 |   117 |    14 ||   199
       Punch             |     1 |     1 |       ||     2
 Fire: Sling             |       |     3 |       ||     3
  Use: Scroll            |       |     9 |       ||     9
       Potion            |       |       |     1 ||     1
 Stab: Sleeping          |     1 |     4 |       ||     5
Armor: Robe              |    14 |    22 |     4 ||    40
Dodge: Dodged            |    32 |    50 |     4 ||    86
